Map: Fields of Death

Players

Meister

  • Race: Terran Terran
  • League: Master
  • Spawn Location: 12:00

SkiTeacher - Winner!

  • Race: Protoss Protoss
  • Spawn Location: 6:00

llllllllllll

  • Race: Terran Terran
  • Spawn Location: 12:00

VeganGains - Winner!

  • Race: Terran Terran
  • League: Master
  • Spawn Location: 7:00

VOD

Have the link to the VOD?

Description

Time

  • Played on: April 2, 2017, 5:06 a.m.
  • Length: 13:24
Show
View Real Time Build Order
Export as new Build Order

Meister Terran 

Build Orders:  

Get SALT Encoding   

  12  0:00  SCV  
  13  0:13  SCV  
  14  0:17  Supply Depot  
  14  0:25  SCV  
  15  0:29  Refinery  
  15  0:39  SCV  
  16  0:45  Barracks  
  16  0:51  SCV  
  17  1:03  SCV  
  18  1:15  SCV  
  20  1:32  Reaper  
  20  1:33  Orbital Command  
  20  1:45  Command Center  
  20  1:59  SCV  
  21  2:02  Factory  
  21  2:07  Refinery  
  21  2:11  SCV  
  21  2:13  Barracks Reactor  
  22  2:18  Supply Depot  
  22  2:26  SCV  
  23  2:39  SCV  
  24  2:47  Factory Tech Lab, Starport  
  24  2:51  SCV, Marine x2  
  27  2:59  Orbital Command  
  27  3:04  SCV  
  28  3:11  Marine x2  
  30  3:16  SCV  
  31  3:22  Factory Tech Lab  
  31  3:27  Starport  
  31  3:29  SCV  
  31  3:30  SCV  
  33  3:36  Refinery  
  33  3:41  SCV  
  34  3:42  Hyperflight Rotors  
  34  3:44  SCV  
  35  3:50  Supply Depot  
  35  3:53  SCV  
  36  3:56  SCV  
  36  4:05  SCV  
  36  4:08  SCV  
  36  4:09  Supply Depot  
  35  4:14  Engineering Bay  
  34  4:17  SCV  
  34  4:20  SCV  
  35  4:26  Cloaking Field  
  35  4:27  Banshee  
  35  4:29  SCV  
  39  4:32  SCV  
  39  4:37  Banshee  
  43  4:41  SCV, Marine x2  
  43  4:44  SCV  
  47  4:48  Supply Depot  
  44  4:53  SCV  
  44  4:57  SCV, Missile Turret  
  44  5:05  SCV  
  45  5:09  SCV  
  45  5:12  Banshee  
  49  5:17  SCV  
  49  5:21  SCV, Missile Turret  
  51  5:24  Banshee  
  54  5:30  SCV  
  54  5:31  Supply Depot  
  54  5:33  SCV  
  56  5:37  Marine x2  
  56  5:42  SCV  
  59  5:50  SCV  
  59  5:54  SCV, Command Center  
  61  5:57  Banshee  
  61  6:02  SCV  
  65  6:06  Banshee  
  65  6:11  SCV  
  69  6:13  Factory Tech Lab  
  69  6:15  Marine x2  
  69  6:16  Starport  
  71  6:33  SCV  
  71  6:34  SCV  
  71  6:35  Siege Tank  
  71  6:37  Supply Depot  
  71  6:38  Supply Depot  
  73  6:42  Banshee  
  73  6:45  SCV, Refinery  
  73  6:46  SCV  
  75  6:47  Supply Depot  
  75  6:48  Supply Depot  
  75  6:53  Banshee  
  75  6:55  Starport Reactor  
  75  7:01  SCV  
  75  7:06  SCV  
  75  7:07  Orbital Command  
  77  7:12  Armory  
  77  7:13  Armory  
  77  7:14  Marine x2  
  79  7:18  SCV  
  79  7:21  SCV  
  81  7:25  Siege Tank  
  81  7:28  Banshee  
  87  7:31  SCV  
  87  7:33  SCV, Viking x2  
  93  7:43  SCV  
  94  7:44  Orbital Command  
  94  7:52  SCV  
  98  7:58  Siege Tank  
  98  8:02  SCV  
  99  8:20  Refinery  
  99  8:23  Refinery  
  99  8:25  Viking x2  
  99  8:26  SCV  
  92  8:33  SCV  
  90  8:38  SCV, Missile Turret  
  90  8:40  SCV  
  92  8:42  Recalibrated Explosives  
  92  8:43  Corvid Reactor  
  92  8:46  SCV  
  93  8:50  SCV  
  93  8:52  SCV  
  93  8:53  Missile Turret  
  95  8:57  Command Center  
  95  8:58  Viking x2  
  95  8:59  SCV  
  100  9:03  Missile Turret  
  100  9:04  Missile Turret  
  100  9:05  Raven  
  100  9:06  Raven  
  100  9:07  SCV x2  
  106  9:11  SCV  
  107  9:19  SCV  
  107  9:22  Siege Tank  
  107  9:23  SCV  
  112  9:24  SCV  
  113  9:36  Viking x2  
  117  9:46  Command Center  
  117  9:49  Command Center  
  117  9:55  Raven x2  
  117  9:57  SCV  
  122  10:00  Supply Depot  
  122  10:01  Supply Depot x3  
  122  10:03  Supply Depot  
  122  10:04  Terran Ship Weapons Level 1, Terran Vehicle And Ship Armor Level 1  
  122  10:10  Supply Depot  
  122  10:11  Supply Depot  
  122  10:19  Starport x2  
  122  10:24  SCV x2  
  124  10:30  SCV  
  125  10:39  Raven, Viking x2  
  131  11:00  Raven  
  131  11:02  Starport Reactor, Starport Tech Lab  
  133  11:11  Viking x2  
  137  11:23  SCV, Raven  
  137  11:25  Raven  
  141  11:29  Refinery  
  113  11:50  Raven  
  104  11:54  SCV, Orbital Command  
  104  11:56  Orbital Command  
  104  11:58  Viking x2  
  97  12:03  Viking x2  
  98  12:13  Raven  
  100  12:16  Command Center  
  99  12:24  Supply Depot x2  
Show
View Real Time Build Order
Export as new Build Order

SkiTeacher Protoss - Winner!

Build Orders: 1 Gate Expand, Oracle Opening 

Get SALT Encoding   

  12  0:01  Probe (Chrono Boost)  
  13  0:12  Probe (Chrono Boost)  
  14  0:18  Pylon  
  14  0:22  Probe (Chrono Boost)  
  15  0:36  Probe (Chrono Boost)  
  15  0:39  Gateway  
  16  0:45  Assimilator  
  16  0:47  Probe (Chrono Boost)  
  17  0:54  Assimilator  
  17  0:57  Probe (Chrono Boost)  
  18  1:08  Probe (Chrono Boost)  
  19  1:27  Nexus  
  19  1:40  Cybernetics Core  
  19  1:42  Probe (Chrono Boost)  
  20  1:49  Pylon  
  20  1:53  Probe (Chrono Boost)  
  21  2:04  Probe (Chrono Boost)  
  22  2:14  Probe (Chrono Boost)  
  23  2:20  Stargate  
  23  2:25  Probe (Chrono Boost)  
  24  2:30  Adept  
  27  2:37  Probe (Chrono Boost)  
  27  2:45  Probe (Chrono Boost)  
  27  2:47  Pylon  
  27  2:49  Probe (Chrono Boost)  
  29  2:56  Probe (Chrono Boost)  
  30  2:59  Oracle  
  30  3:01  Probe (Chrono Boost)  
  34  3:06  Probe (Chrono Boost)  
  36  3:13  Probe (Chrono Boost)  
  36  3:17  Probe (Chrono Boost)  
  36  3:22  Assimilator  
  36  3:25  Probe (Chrono Boost)  
  37  3:28  Probe (Chrono Boost)  
  37  3:30  Oracle  
  38  3:37  Probe (Chrono Boost)  
  38  3:38  Probe (Chrono Boost), Pylon  
  43  3:44  Stargate  
  43  3:48  Pylon  
  44  3:49  Probe x2 (Chrono Boost)  
  45  3:59  Probe (Chrono Boost)  
  45  4:02  Probe (Chrono Boost)  
  48  4:10  Probe (Chrono Boost)  
  48  4:14  Probe (Chrono Boost)  
  49  4:20  Phoenix, Probe (Chrono Boost)  
  49  4:21  Forge  
  52  4:26  Probe (Chrono Boost)  
  52  4:27  Phoenix  
  52  4:29  Nexus  
  52  4:31  Probe (Chrono Boost)  
  56  4:37  Assimilator  
  56  4:38  Probe (Chrono Boost)  
  57  4:39  Pylon  
  57  4:41  Probe (Chrono Boost)  
  58  4:50  Probe (Chrono Boost)  
  59  4:57  Probe (Chrono Boost)  
  60  5:04  Probe (Chrono Boost)  
  60  5:07  Phoenix  
  60  5:09  Probe (Chrono Boost)  
  60  5:12  Phoenix  
  63  5:16  Probe (Chrono Boost)  
  67  5:21  Probe (Chrono Boost)  
  67  5:26  Pylon  
  68  5:28  Probe (Chrono Boost)  
  68  5:29  Assimilator  
  68  5:32  Phoenix, Probe (Chrono Boost), Assimilator  
  68  5:34  Photon Cannon  
  71  5:38  Phoenix, Pylon  
  71  5:41  Probe (Chrono Boost)  
  71  5:42  Probe (Chrono Boost)  
  75  5:51  Fleet Beacon  
  75  5:54  Probe (Chrono Boost)  
  76  5:58  Phoenix  
  76  6:00  Probe (Chrono Boost)  
  80  6:05  Phoenix, Pylon  
  80  6:07  Pylon  
  81  6:13  Probe x2 (Chrono Boost)  
  81  6:15  Probe (Chrono Boost)  
  84  6:24  Probe (Chrono Boost)  
  84  6:25  Probe (Chrono Boost)  
  86  6:28  Probe (Chrono Boost)  
  87  6:35  Stargate, Probe (Chrono Boost)  
  87  6:37  Probe (Chrono Boost)  
  87  6:39  Probe (Chrono Boost)  
  94  6:46  Probe (Chrono Boost)  
  95  6:47  Carrier  
  95  6:48  Photon Cannon  
  95  6:49  Carrier, Probe x2 (Chrono Boost)  
  95  6:50  Pylon  
  105  7:15  Carrier  
  105  7:24  Nexus  
  105  7:27  Pylon  
  111  7:33  Mothership Core (Chrono Boost)  
  111  7:35  Probe (Chrono Boost)  
  114  7:40  Probe (Chrono Boost)  
  115  7:46  Graviton Catapult  
  115  7:47  Stargate, Probe (Chrono Boost)  
  114  8:02  Carrier  
  114  8:03  Carrier  
  114  8:10  Photon Cannon, Probe (Chrono Boost)  
  115  8:13  Pylon  
  115  8:14  Pylon  
  115  8:17  Probe (Chrono Boost)  
  127  8:28  Probe (Chrono Boost)  
  127  8:31  Probe (Chrono Boost)  
  127  8:32  Carrier  
  126  8:35  Probe (Chrono Boost)  
  126  8:39  Probe (Chrono Boost)  
  126  8:40  Probe (Chrono Boost)  
  128  8:41  Assimilator  
  128  8:43  Probe (Chrono Boost)  
  128  8:45  Protoss Air Weapons Level 1, Assimilator  
  141  9:00  Cybernetics Core  
  131  9:03  Stargate  
  129  9:16  Carrier  
  127  9:18  Carrier  
  127  9:26  Protoss Air Armor Level 1, Nexus  
  127  9:30  Assimilator  
  139  9:34  Assimilator  
  139  9:39  Pylon  
  139  9:40  Pylon  
  139  9:42  Pylon  
  139  9:45  Probe (Chrono Boost)  
  140  9:58  Carrier  
  140  9:59  Stargate  
  146  10:00  Stargate  
  146  10:02  Stargate  
  146  10:03  Pylon  
  146  10:05  Pylon  
  140  10:14  Probe (Chrono Boost)  
  141  10:15  Probe (Chrono Boost)  
  141  10:17  Photon Cannon  
  141  10:20  Photon Cannon  
  141  10:21  Photon Cannon  
  139  10:31  Carrier  
  139  10:38  Tempest  
  143  10:48  Tempest  
  155  10:52  Tempest x2  
  155  10:54  Tempest  
  171  11:15  Tempest, Pylon  
  171  11:18  Pylon  
  171  11:21  Pylon  
  171  11:23  Pylon  
  171  11:24  Tempest  
  183  11:30  Tempest  
  189  11:35  Tempest x2  
  199  11:51  Tempest  
  199  11:56  Mothership Core (Chrono Boost)  
  187  13:07  Pylon  
  187  13:09  Pylon  
  187  13:22  Nexus  
Show
View Real Time Build Order
Export as new Build Order

llllllllllll Terran 

Build Orders: Reaper Expand, Mech 

Get SALT Encoding   

  12  0:01  SCV  
  13  0:13  SCV  
  14  0:19  Supply Depot  
  14  0:25  SCV  
  14  0:27  Refinery  
  15  0:41  SCV  
  16  0:47  Barracks  
  16  0:53  SCV  
  17  1:06  SCV  
  18  1:18  SCV  
  19  1:35  Orbital Command, Reaper  
  20  1:51  Command Center  
  20  2:02  SCV  
  21  2:12  Factory  
  21  2:15  Barracks Reactor  
  21  2:16  SCV  
  21  2:21  Refinery  
  22  2:28  SCV  
  23  2:44  Supply Depot  
  23  3:02  SCV, Marine x2  
  29  3:05  Cyclone  
  29  3:07  Starport  
  29  3:09  Orbital Command  
  29  3:14  SCV  
  28  3:21  Marine x2  
  28  3:27  SCV  
  31  3:38  SCV, Marine  
  31  3:39  SCV, Marine  
  31  3:40  Widow Mine  
  37  3:46  Medivac  
  39  3:58  SCV x2, Marine x2  
  43  4:05  Engineering Bay  
  43  4:08  Widow Mine  
  45  4:12  SCV  
  45  4:21  SCV  
  45  4:23  Supply Depot  
  46  4:24  Supply Depot  
  46  4:37  Missile Turret  
  46  4:39  Command Center  
  46  4:42  Missile Turret  
  46  4:44  Factory Tech Lab  
  46  4:46  Starport Tech Lab  
  46  4:48  SCV  
  46  4:49  SCV  
  40  5:12  SCV x2  
  40  5:13  Armory  
  44  5:14  Refinery  
  42  5:24  SCV x2  
  44  5:29  Viking x2  
  44  5:34  Siege Tank  
  46  5:36  Barracks Reactor, SCV  
  46  5:38  Refinery  
  47  5:46  SCV  
  47  5:48  SCV, Supply Depot  
  49  5:54  Orbital Command  
  49  5:58  Viking  
  49  5:59  Viking  
  53  6:06  SCV x2  
  55  6:11  Terran Vehicle Weapons Level 1  
  55  6:12  Factory  
  55  6:14  Factory  
  58  6:25  Supply Depot  
  58  6:26  SCV  
  58  6:27  SCV  
  58  6:30  Thor  
  63  6:35  Supply Depot  
  63  6:42  Viking  
  65  6:47  Barracks Reactor  
  65  6:50  SCV x2  
  65  6:52  Supply Depot  
  67  6:57  Missile Turret  
  67  7:00  Missile Turret  
  67  7:03  Supply Depot  
  67  7:06  Widow Mine x2  
  71  7:10  Thor  
  77  7:20  Viking x2  
  77  7:21  Orbital Command  
  81  7:23  SCV  
  81  7:24  SCV  
  83  7:36  Factory, Widow Mine  
  83  7:37  Widow Mine  
  87  7:45  SCV x2  
  89  7:55  Thor  
  89  7:57  SCV x3  
  98  8:02  Supply Depot, Refinery  
  98  8:07  Viking x2  
  98  8:08  Refinery  
  98  8:09  SCV  
  98  8:12  SCV x2  
  105  8:15  Supply Depot  
  105  8:17  Supply Depot x2  
  105  8:20  Terran Vehicle Weapons Level 2  
  105  8:21  SCV  
  105  8:26  SCV x2  
  108  8:28  Hellion  
  108  8:29  Hellion x2  
  108  8:33  SCV, Supply Depot  
  115  8:38  SCV x2  
  115  8:39  Siege Tank  
  120  8:43  Siege Tank  
  120  8:45  SCV  
  124  8:50  SCV  
  124  8:54  SCV  
  126  8:57  SCV  
  126  9:01  Command Center  
  127  9:04  Viking x2  
  127  9:07  Hellion  
  133  9:11  Siege Tank  
  133  9:15  Siege Tank  
  133  9:16  Supply Depot  
  139  9:19  SCV  
  139  9:20  SCV x2  
  142  9:25  Supply Depot x2  
  142  9:32  SCV  
  143  9:41  Viking x2  
  143  9:42  Widow Mine x2  
  143  9:43  Widow Mine x2  
  155  9:58  Siege Tank  
  155  9:59  Siege Tank  
  161  10:03  Refinery  
  161  10:07  Refinery  
  161  10:10  Command Center  
  153  10:14  Starport x2  
  153  10:15  Missile Turret, Starport  
  153  10:17  Starport  
  153  10:25  Viking x2  
  153  10:48  Siege Tank x2  
  153  10:49  Hellbat x2, Sensor Tower  
  152  10:54  Starport Tech Lab  
  152  10:55  Starport Tech Lab x3  
  149  11:06  Widow Mine x2  
  149  11:09  Widow Mine, Command Center  
  155  11:17  Viking x3  
  152  11:20  Siege Tank  
  152  11:22  Viking  
  155  11:28  Orbital Command  
  155  11:31  Viking x2  
  159  11:47  Viking x2  
  159  11:52  Viking x2  
  157  12:01  Viking  
  146  12:13  Siege Tank x2  
  146  12:14  Viking  
  144  12:17  Viking  
  144  12:22  Viking x2  
  125  12:31  Viking  
  97  12:44  Viking  
  81  12:52  Viking x2  
  81  12:54  SCV, Refinery  
  81  12:57  Refinery  
  65  13:01  Refinery  
  69  13:06  SCV  
Show
View Real Time Build Order
Export as new Build Order

VeganGains Terran - Winner!

Build Orders: Hellion Opening, Reaper Expand, Mech 

Get SALT Encoding   

  12  0:01  SCV  
  13  0:13  SCV  
  14  0:18  Supply Depot  
  14  0:24  Refinery  
  14  0:28  SCV  
  15  0:40  SCV  
  16  0:46  Barracks  
  16  0:52  SCV  
  17  1:04  SCV  
  18  1:16  SCV  
  19  1:33  Reaper, Orbital Command  
  20  1:46  Command Center  
  20  1:55  Factory  
  20  1:59  SCV  
  21  2:06  Barracks Reactor  
  21  2:10  Refinery  
  21  2:11  SCV  
  22  2:21  Supply Depot  
  22  2:23  SCV  
  23  2:38  SCV  
  22  2:50  Factory, Hellion, SCV  
  23  2:53  Hellion  
  23  3:02  SCV  
  22  3:10  Barracks Tech Lab  
  22  3:20  Orbital Command  
  22  3:22  SCV  
  23  3:31  Hellion  
  25  3:34  Hellion  
  25  3:38  SCV, Orbital Command  
  28  3:44  Hellion  
  30  3:50  SCV  
  33  3:55  Hellion  
  33  4:02  SCV  
  34  4:05  Hellion  
  34  4:07  SCV  
  37  4:10  Infernal Pre-Igniter  
  37  4:14  SCV  
  38  4:17  Hellion  
  38  4:19  SCV  
  41  4:26  SCV  
  44  4:31  SCV, Supply Depot  
  45  4:38  SCV  
  45  4:42  Hellion  
  46  4:47  Supply Depot  
  46  4:53  Siege Tank, SCV x2  
  51  5:05  SCV x2  
  53  5:12  Command Center  
  53  5:17  SCV x2  
  53  5:20  Supply Depot  
  55  5:25  Siege Tank  
  58  5:29  SCV x2  
  58  5:33  Hellion x2  
  62  5:39  Supply Depot  
  62  5:41  SCV x2  
  64  5:51  Factory  
  64  5:53  Factory, SCV  
  64  5:54  Factory, SCV  
  66  6:02  Refinery  
  66  6:03  Refinery  
  66  6:06  SCV  
  66  6:09  SCV  
  68  6:11  Siege Tank  
  68  6:17  Supply Depot  
  68  6:18  SCV  
  72  6:21  SCV  
  73  6:26  Orbital Command  
  73  6:30  SCV  
  74  6:33  SCV  
  74  6:36  Factory Tech Lab x2  
  74  6:38  Factory Tech Lab  
  75  6:42  SCV  
  75  6:45  SCV  
  77  6:50  Engineering Bay  
  77  6:52  Hellion x2  
  77  6:53  SCV  
  82  6:54  SCV  
  82  6:59  Siege Tank x2  
  89  7:04  Siege Tank  
  89  7:06  SCV  
  89  7:07  SCV  
  94  7:11  SCV, Supply Depot  
  94  7:14  Siege Tank  
  98  7:18  SCV  
  98  7:19  SCV  
  100  7:23  SCV  
  100  7:24  Refinery  
  100  7:27  Refinery  
  100  7:28  Supply Depot  
  101  7:33  Siege Tank, SCV x2  
  101  7:35  SCV  
  107  7:39  Supply Depot  
  107  7:40  Supply Depot  
  107  7:45  SCV x2  
  107  7:50  Siege Tank, SCV  
  116  7:57  SCV  
  114  7:59  Armory x2  
  114  8:00  SCV, Missile Turret  
  114  8:01  Missile Turret  
  114  8:02  SCV  
  114  8:09  SCV  
  114  8:12  SCV  
  109  8:14  SCV  
  104  8:21  SCV  
  104  8:24  SCV  
  104  8:26  SCV  
  104  8:31  Siege Tank  
  104  8:33  SCV  
  108  8:36  SCV  
  108  8:38  SCV, Missile Turret  
  110  8:45  SCV  
  111  8:48  Terran Vehicle Weapons Level 1, Terran Vehicle And Ship Armor Level 1, SCV  
  111  8:50  SCV  
  111  8:52  Thor  
  119  8:58  SCV  
  119  9:01  SCV  
  119  9:02  SCV  
  122  9:09  Thor  
  128  9:10  SCV  
  128  9:13  SCV  
  128  9:14  SCV  
  131  9:17  Supply Depot x2  
  131  9:18  Supply Depot  
  131  9:22  SCV  
  132  9:38  Thor  
  132  9:43  Missile Turret  
  132  9:44  Missile Turret  
  138  9:46  Thor, Missile Turret  
  138  9:47  Missile Turret  
  138  9:51  Thor, Sensor Tower  
  150  10:08  Supply Depot  
  150  10:09  Supply Depot  
  150  10:11  Command Center  
  150  10:14  Siege Tank  
  150  10:17  SCV x3  
  156  10:28  Supply Depot  
  156  10:29  SCV, Supply Depot x2  
  156  10:30  Siege Tank x2, SCV x2  
  163  10:45  Siege Tank, Hellion  
  163  10:46  Siege Tank  
  165  10:51  Hellion  
  156  10:58  Refinery  
  156  11:00  Terran Vehicle Weapons Level 2, Refinery  
  156  11:01  Terran Vehicle And Ship Armor Level 2  
  156  11:02  Siege Tank x2  
  162  11:17  Thor  
  166  11:21  Thor  
  166  11:24  Planetary Fortress  
  166  11:29  Missile Turret  
  166  11:40  Thor  
  166  11:41  Widow Mine x3  
  176  11:59  Widow Mine  
  178  12:04  Thor  
  178  12:05  Command Center  
  184  12:10  Thor  
  188  12:23  Thor  
  188  12:28  Thor  
  182  12:41  Factory, Hellion x2  
  186  12:45  Factory  
Tags
 
Add a new tag
Caveats
  • Supply blocks, unpowered buildings, or Contaminate may cause inaccurate times.
  • Supply counts are checked every 10 seconds.